 Dungeon Crawl Stone Soup version 0.31.0-11-ge490571c62 (webtiles) character file.

Game seed: 6287950657035384049

361 qw the Skirmisher (level 6, -1/36 HPs)
             Began as a Deep Elf Hunter on Feb 4, 2024.
             Slain by a gnoll sergeant
             ... wielding a +2 trident of freezing
              (13 damage)
             ... on level 5 of the Dungeon.
             The game lasted 00:01:11 (3165 turns).

qw the Skirmisher (Deep Elf Hunter)                 Turns: 3165, Time: 00:01:12

Health: -1/36      AC:  6    Str: 10    XL:     6   Next: 38%
Magic:  8/8        EV: 11    Int: 14    God:
Gold:   234        SH:  0    Dex: 18    Spells: 5/5 levels left

rFire   . . .        a - +1 shortbow
rCold   . . .        (shield currently unavailable)
rNeg    . . .        d - +0 ring mail
rPois   +            (no helmet)
rElec   .            e - +0 cloak
rCorr   +            (no gloves)
SInv    .            (no boots)
Will    .....        (no amulet)
Stlth   +            m - ring of resist corrosion
HPRegen 0.26/turn    n - ring of poison resistance
MPRegen 0.11/turn

%: no passive effects
@: no status effects
A: no striking features
a: no special abilities


You were on level 5 of the Dungeon.
You visited 1 branch of the dungeon, and saw 5 of its levels.

You collected 234 gold pieces.


   Skills:
 - Level 2.4 Fighting
 + Level 9.7 Ranged Weapons
 - Level 2.4 Dodging
 - Level 1.2 Stealth


You had 5 spell levels left.
You didn't know any spells.
Your spell library was empty.

Inventory:

Hand Weapons
 a - a +1 shortbow (weapon)
Armour
 b - the +2 pair of gloves of Lifelessness {Harm *Slow Int+3}
   (You acquired it on level 2 of the Dungeon)

   Int+3:     It affects your intelligence (+3).
   *Slow:     It may slow you when you take damage.
   Harm:      It increases damage dealt and taken.
 d - a +0 ring mail (worn)
 e - a +0 cloak (worn)
Jewellery
 m - a ring of resist corrosion (left hand)
 n - a ring of poison resistance (right hand)
 o - a ring of ice
Wands
 c - a wand of charming (11)
Potions
 f - a potion of might
 g - a potion of curing
 h - a potion of magic {unknown}
 i - 2 potions of haste
 j - a potion of enlightenment
 l - 2 potions of cancellation

Dungeon Overview and Level Annotations

Branches:
Dungeon (5/15)
 Temple: D:4-7

Altars:
Fedhas
Okawaru

Annotations:
D:3 1 runed translucent door, Crazy Yiuf


Message History

A gnoll comes into view. It is wielding a +0 club.
Enter note:
Enter note:
Enter note:
Enter note:
3157 ||| RETREEEEATING.
The gnoll sergeant attacks as it pursues you!
The gnoll sergeant closely misses you.
Enter note:
Enter note:
Enter note:
Enter note:
3158 ||| RETREEEEATING.
Enter note:
Enter note:
3159 ||| RETREEEEATING.
Enter note:
Enter note:
3160 ||| RETREEEEATING.
The gnoll sergeant attacks as it pursues you!
The gnoll sergeant hits you from afar with a +2 trident of freezing!
The gnoll sergeant freezes you.
Enter note:
Enter note:
3161 ||| RETREEEEATING.
Enter note:
Enter note:
3162 ||| RETREEEEATING.
The gnoll sergeant attacks as it pursues you!
The gnoll sergeant closely misses you.
Enter note:
Enter note:
3163 ||| RETREEEEATING.
You shoot an arrow.
The arrow hits the gnoll sergeant but does no damage.
The gnoll sergeant is lightly wounded.
You shoot an arrow.
The arrow closely misses the gnoll sergeant.
The gnoll sergeant hits you from afar with a +2 trident of freezing!
You die...

# ### .. .. .. #.
##.##### .. #.####......
.# ##..........#####..#
...........##g.@...#
...........g..####.#
...)......g.....# .#
...........####.##.##
#.....#..### #......#
.........## #......#
#.........## #......###
.#.......?..###.........
..........#...?......##.


You could see a gnoll sergeant and 2 gnolls.

Vanquished Creatures
  A scorpion (D:4)
  A howler monkey (D:4)
  A jelly (D:3)
  A hound (D:5)
  An orc priest (D:4)
  Jessica (D:2)
  Ijyb (D:5)
  5 adders
  A dart slug (D:2)
  5 orcs
  7 endoplasms
  3 giant cockroaches (D:1)
  4 goblins
  5 hobgoblins
  4 jackals (D:4)
  12 kobolds
  4 quokkas
  8 ball pythons
  5 bats
  3 frilled lizards
  6 rats
79 creatures vanquished.

Notes
Turn   | Place    | Note
-------+----------+-------------------------------------------
     0 | D:1      | qw the Deep Elf Hunter began the quest for the Orb.
     0 | D:1      | Reached XP level 1. HP: 12/12 MP: 3/3
     0 | D:1      | 0 ||| qw: Version: 0.3-a-160-g6735b56
     0 | D:1      | 0 ||| qw: Game counter: 5751
     0 | D:1      | 0 ||| qw: Melee chars always use a shield: true
     0 | D:1      | 0 ||| qw: God list: Okawaru
     0 | D:1      | 0 ||| qw: Allow faded altars: false
     0 | D:1      | 0 ||| qw: Do Orc after clearing Dungeon:15 true
     0 | D:1      | 0 ||| qw: Do second Lair branch before Depths: true
     0 | D:1      | 0 ||| qw: Lair rune preference: random
     0 | D:1      | 0 ||| qw: Goals: Normal
     0 | D:1      | 0 ||| PLANNING D:1-11
   341 | D:1      | Reached skill level 6 in Ranged Weapons
   341 | D:1      | Reached XP level 2. HP: 16/16 MP: 4/4
   596 | D:1      | Reached XP level 3. HP: 20/20 MP: 5/5
   711 | D:1      | 711 ||| READING scroll labelled WUZEZAF ACHAZ.
   711 | D:1      | 711 ||| IDENTIFYING golden potion
   712 | D:1      | 712 ||| READING scroll labelled ROACIR JUES.
   713 | D:1      | 713 ||| READING scroll labelled OLETZO QAEC.
   714 | D:1      | 714 ||| READING scroll labelled SEWUECLYLLUTZ.
   715 | D:1      | 715 ||| READING scroll labelled NESUCW UPLEXU.
   816 | D:1      | 816 ||| DRINKING 2 ruby potions.
   817 | D:1      | 817 ||| DRINKING 2 purple potions.
   818 | D:1      | 818 ||| DROPPING scroll of butterflies.
   819 | D:1      | 819 ||| DROPPING potion of attraction.
   820 | D:1      | 820 ||| DROPPING potion of brilliance.
   928 | D:2      | Noticed Jessica
   934 | D:2      | Killed Jessica
   935 | D:2      | Reached skill level 7 in Ranged Weapons
   975 | D:2      | Reached XP level 4. HP: 23/25 MP: 6/6
  1291 | D:2      | Found a blossoming altar of Fedhas.
  1510 | D:2      | 1510 ||| UPGRADING to +0 scale mail.
  1520 | D:2      | 1520 ||| DROPPING +0 leather armour.
  1521 | D:2      | 1521 ||| UPGRADING to +0 ring mail.
  1531 | D:2      | 1531 ||| DROPPING +0 scale mail.
  1532 | D:2      | 1532 ||| READING scroll of identify.
  1532 | D:2      | 1532 ||| IDENTIFYING murky clear potion
  1533 | D:2      | 1533 ||| READING scroll labelled TONOAL EFIMA.
  1533 | D:2      | Identified a scroll of acquirement
  1533 | D:2      | 1533 ||| ACQUIRING +2 pair of gloves of Lifelessness {Harm
                  | *Slow Int+3}
  1533 | D:2      | Acquired the +2 pair of gloves of Lifelessness {Harm *Slow
                  | Int+3}
  1535 | D:2      | 1535 ||| DRINKING 2 smoky white potions.
  1536 | D:2      | 1536 ||| DRINKING 2 yellow potions.
  1621 | D:3      | Reached skill level 8 in Ranged Weapons
  1867 | D:3      | Reached XP level 5. HP: 29/29 MP: 7/7
  2108 | D:3      | Found a runed translucent door.
  2109 | D:3      | Noticed Crazy Yiuf
  2536 | D:3      | 2536 ||| UPGRADING to +0 cloak.
  2541 | D:3      | 2541 ||| UPGRADING to ring of resist corrosion.
  2542 | D:3      | 2542 ||| UPGRADING to ring of poison resistance.
  2543 | D:3      | 2543 ||| READING 2 scrolls of identify.
  2543 | D:3      | 2543 ||| IDENTIFYING sedimented yellow potion
  2544 | D:3      | 2544 ||| READING scroll of identify.
  2544 | D:3      | 2544 ||| IDENTIFYING 2 glowing silvery potions
  2545 | D:3      | 2545 ||| READING scroll labelled DESESA ODEOPSU.
  2546 | D:3      | 2546 ||| READING scroll labelled GOATIM EGISHRAU.
  2546 | D:3      | 2546 ||| ENCHANTING +0 shortbow.
  2547 | D:3      | 2547 ||| READING scroll labelled GITUTU QEQIT.
  2548 | D:3      | 2548 ||| DROPPING potion of lignification.
  2597 | D:4      | Reached skill level 9 in Ranged Weapons
  2626 | D:4      | Found an iron altar of Okawaru.
  2627 | D:4      | 2627 ||| PLANNING OKAWARU WORSHIP
  2875 | D:4      | Reached XP level 6. HP: 36/36 MP: 8/8
  3050 | D:4      | 3050 ||| READING 3 scrolls of identify.
  3050 | D:4      | 3050 ||| IDENTIFYING silvery potion
  3051 | D:4      | 3051 ||| READING 2 scrolls of identify.
  3051 | D:4      | 3051 ||| IDENTIFYING 2 red potions
  3052 | D:4      | 3052 ||| READING scroll of identify.
  3052 | D:4      | 3052 ||| IDENTIFYING scroll labelled SEXTOAHIA WAUJ
  3053 | D:4      | 3053 ||| READING scroll labelled YFOIRPHUDWU.
  3054 | D:4      | 3054 ||| DROPPING potion of degeneration.
  3055 | D:4      | 3055 ||| DROPPING scroll of poison.
  3056 | D:4      | 3056 ||| DROPPING 2 potions of invisibility.
  3057 | D:4      | 3057 ||| PLANNING D:1-11
  3079 | D:5      | Entered Level 5 of the Dungeon
  3095 | D:5      | Noticed Ijyb
  3097 | D:5      | 3097 ||| DRINKING 3 potions of curing.
  3097 | D:5      | 3097 ||| (to cure confusion)
  3102 | D:5      | 3102 ||| DRINKING 2 potions of curing.
  3102 | D:5      | 3102 ||| (to cure confusion)
  3107 | D:5      | Killed Ijyb
  3113 | D:5      | Identified the flux talisman of Happy Babbling {+Blink
                  | rElec rF+ Int+3}
  3157 | D:5      | 3157 ||| RETREEEEATING.
  3158 | D:5      | 3158 ||| RETREEEEATING.
  3159 | D:5      | 3159 ||| RETREEEEATING.
  3160 | D:5      | 3160 ||| RETREEEEATING.
  3161 | D:5      | 3161 ||| RETREEEEATING.
  3162 | D:5      | 3162 ||| RETREEEEATING.
  3163 | D:5      | 3163 ||| RETREEEEATING.
  3165 | D:5      | Slain by a gnoll sergeant

Levels and vault maps discovered:
D:1:      dpeg_arrival_triangle_fractal, layout_basic, minmay_misc_feat_doors
D:2:      kennysheep_six_static_rooms, layout_basic, basic_altar, uniq_jessica
D:3:      layout_basic, minmay_cupped, uniq_crazy_yiuf_cottage
D:4:      layout_rooms, general_overflow_altar
D:5:      layout_rooms, serial_shops, nicolae_shop_hallway_stairs, uniq_ijyb

Skill      XL: |  1  2  3  4  5 |
---------------+----------------+-----
Ranged Weapons | 6 7 8 9 |  9.7
Fighting       | 2 |  2.4
Dodging        | |  2.4
Stealth        | |  1.2

Action                     |  1- 3 |  4- 6 || total
---------------------------+-------+-------++-------
   Fire: Shortbow          |    85 |   146 ||   231
    Use: Scroll            |     5 |    11 ||    16
         Potion            |     2 |     4 ||     6
 Armour: Leather armour    |    14 |     3 ||    17
         Ring mail         |       |    20 ||    20
  Dodge: Dodged            |    17 |    26 ||    43

Table legend:
 A = Non-vault XP
 B = Vault XP
 C = Vault XP percentage of total XP
 D = Non-vault monster count
 E = Vault monster count
 F = Vault count percentage of total count
                 A         B        C        D         E       F
            +---------+---------+-------+---------+---------+-------
      Total |     422 |      94 |  18.2 |      70 |       9 |  11.4
            +---------+---------+-------+---------+---------+-------
        D:1 |      42 |       0 |   0.0 |      26 |       0 |   0.0
        D:2 |      44 |      57 |  56.4 |      13 |       7 |  35.0
        D:3 |      81 |       1 |   1.2 |      15 |       1 |   6.2
        D:4 |     205 |       0 |   0.0 |      13 |       0 |   0.0
        D:5 |      50 |      36 |  41.9 |       3 |       1 |  25.0
            +---------+---------+-------+---------+---------+-------
